3L
GREENVILLE 84S @ LAS VEGAS FLAMINGOS
08/17/2027
 
TOP OF THE 1ST
Greenville 84s batting - Pitching for Las Vegas Flamingos : LHP Shunen Takahashi
Pitching: LHP Shunen Takahashi
Batting: RHB Roberto Escues 0-0: Foul Ball, location: 2F
0-1: Ball
1-1: SINGLE (Groundball, 56D)
Batting: SHB Jorge Barrios 0-0: Called Strike
Roberto Escues steals 2nd base
0-1: Swinging Strike
0-2: Ground out 6-3 (Groundball, 6)
Batting: RHB Dani Serrano 0-0: Called Strike
0-1: Ball
1-1: Ball
2-1: Ball
3-1: Foul Ball, location: 2F
3-2: Fly out, F7 (Flyball, 78D)
Batting: RHB Juan García 0-0: Foul Ball, location: 2F
0-1: Swinging Strike
0-2: Ball
1-2: Strikes out swinging
Top of the 1st over - 0 run(s), 1 hit(s), 0 error(s), 1 left on base; Greenville 0 - Las Vegas 0
BOTTOM OF THE 1ST
Las Vegas Flamingos batting - Pitching for Greenville 84s : RHP Eric Matson
Pitching: RHP Eric Matson
Batting: RHB Sake van Arem 0-0: Ball
1-0: SINGLE (Groundball, 6MD)
Batting: LHB Ruud van Ineveld 0-0: Ball
Sake van Arem steals 2nd base
1-0: Ball
2-0: Ground out 3-1 (Groundball, 34S)
Sake van Arem to third
Batting: LHB Victor Adams 0-0: DOUBLE (Flyball, 89XD)
Sake van Arem scores
Batting: LHB Chris McKinney 0-0: Foul Ball, location: 2F
0-1: Ball
1-1: Ball
2-1: SINGLE (Groundball, 56D)
Victor Adams to third
Runner from 3rd tries for Home, throw and OUT!
Batting: SHB Wilbert Carter 0-0: Called Strike
0-1: Ball
1-1: Foul Ball, location: 2F
1-2: Ball
2-2: Fly out, F4 (Line Drive, 4)
Bottom of the 1st over - 1 run(s), 3 hit(s), 0 error(s), 1 left on base; Greenville 0 - Las Vegas 1
TOP OF THE 2ND
Greenville 84s batting - Pitching for Las Vegas Flamingos : LHP Shunen Takahashi
Batting: SHB Francisco Reyes 0-0: Fly out, F9 (Line Drive, 9)
Batting: RHB Rodrigo Lugo 0-0: SINGLE (Groundball, 4) (infield hit)
Batting: RHB Gabriel Rodríguez 0-0: Ball
1-0: Ball
2-0: Called Strike
2-1: Foul Ball, location: 2F
2-2: Strikes out swinging
Batting: RHB Pablo Marrero 0-0: Called Strike
Rodrigo Lugo is caught stealing 2nd base
Top of the 2nd over - 0 run(s), 1 hit(s), 0 error(s), 0 left on base; Greenville 0 - Las Vegas 1
BOTTOM OF THE 2ND
Las Vegas Flamingos batting - Pitching for Greenville 84s : RHP Eric Matson
Batting: RHB Jeff Young 0-0: Called Strike
0-1: Foul Ball, location: 2F
0-2: Reached on error, E6 (Groundball, 6)
Batting: LHB Job Pels 0-0: Ball
1-0: Ball
2-0: Ball
3-0: Called Strike
3-1: Base on Balls
Jeff Young to second
Batting: RHB Pepe Castroneves 0-0: Ball
1-0: Called Strike
1-1: Ball
2-1: Swinging Strike
2-2: SINGLE (Line Drive, 34D)
Jeff Young to third
Job Pels to second
Batting: RHB Rob Thomason 0-0: Ball
1-0: Fielders Choice at 2nd, 6-4 (Groundball, 6)
Jeff Young scores
Job Pels to third
Batting: RHB Sake van Arem 0-0: Called Strike
0-1: Ball
1-1: Ball
2-1: Ball
3-1: Called Strike
3-2: Fielders Choice at 2nd, 4-6 (Groundball, 34)
Job Pels scores
Batting: LHB Ruud van Ineveld 0-0: Ball
Sake van Arem steals 2nd base
1-0: Ball
2-0: Called Strike
2-1: Foul Ball, location: 2F
2-2: Ball
3-2: Ground out 4-3 (Groundball, 4M)
Bottom of the 2nd over - 2 run(s), 1 hit(s), 1 error(s), 1 left on base; Greenville 0 - Las Vegas 3
TOP OF THE 3RD
Greenville 84s batting - Pitching for Las Vegas Flamingos : LHP Shunen Takahashi
Batting: RHB Pablo Marrero 0-0: Ball
1-0: Called Strike
1-1: Ball
2-1: Ball
3-1: Called Strike
3-2: Fly out, F9 (Flyball, 9)
Batting: RHB Joe Craig 0-0: Foul Ball, location: 2F
0-1: SINGLE (Flyball, 89S)
Batting: RHB Roberto Escues 0-0: Called Strike
0-1: Ball
1-1: Called Strike
1-2: Ball
2-2: Strikes out looking
Batting: SHB Jorge Barrios 0-0: Ball
Joe Craig is caught stealing 2nd base
Top of the 3rd over - 0 run(s), 1 hit(s), 0 error(s), 0 left on base; Greenville 0 - Las Vegas 3
BOTTOM OF THE 3RD
Las Vegas Flamingos batting - Pitching for Greenville 84s : RHP Eric Matson
Batting: LHB Victor Adams 0-0: Ball
1-0: Foul Ball, location: 2F
1-1: Called Strike
1-2: Ball
2-2: Foul Ball, location: 2F
2-2: Foul Ball, location: 2F
2-2: Foul Ball, location: 2F
2-2: Ball
3-2: Foul Ball, location: 2F
3-2: Strikes out looking
Batting: LHB Chris McKinney 0-0: Ball
1-0: Ball
2-0: Ball
3-0: Called Strike
3-1: Fly out, F9 (Flyball, 89S)
Batting: SHB Wilbert Carter 0-0: Foul Ball, location: 2F
0-1: Ball
1-1: Ball
2-1: Ball
3-1: Called Strike
3-2: Ground out U3 (Groundball, 3)
Bottom of the 3rd over - 0 run(s), 0 hit(s), 0 error(s), 0 left on base; Greenville 0 - Las Vegas 3
TOP OF THE 4TH
Greenville 84s batting - Pitching for Las Vegas Flamingos : LHP Shunen Takahashi
Batting: SHB Jorge Barrios 0-0: Ball
1-0: Ball
2-0: Foul Ball, location: 2F
2-1: Foul Ball, location: 2F
2-2: Ball
3-2: Foul Ball, location: 2F
3-2: Ground out 4-3 (Groundball, 4)
Batting: RHB Dani Serrano 0-0: Called Strike
0-1: Ball
1-1: SINGLE (Line Drive, 5D)
Batting: RHB Juan García 0-0: Called Strike
0-1: Foul Ball, location: 2F
0-2: Ball
1-2: Ball
2-2: Strikes out swinging
Batting: SHB Francisco Reyes 0-0: Ball
1-0: Swinging Strike
1-1: Ball
2-1: Swinging Strike
2-2: Foul Ball, location: 2F
2-2: Strikes out swinging
Top of the 4th over - 0 run(s), 1 hit(s), 0 error(s), 1 left on base; Greenville 0 - Las Vegas 3
BOTTOM OF THE 4TH
Las Vegas Flamingos batting - Pitching for Greenville 84s : RHP Eric Matson
Batting: RHB Jeff Young 0-0: Foul Ball, location: 2F
0-1: Swinging Strike
0-2: Strikes out swinging
Batting: LHB Job Pels 0-0: Called Strike
0-1: Ball
1-1: Swinging Strike
1-2: Strikes out swinging
Batting: RHB Pepe Castroneves 0-0: Fly out, F8 (Flyball, 8LXD)
Bottom of the 4th over - 0 run(s), 0 hit(s), 0 error(s), 0 left on base; Greenville 0 - Las Vegas 3
TOP OF THE 5TH
Greenville 84s batting - Pitching for Las Vegas Flamingos : LHP Shunen Takahashi
Batting: RHB Rodrigo Lugo 0-0: Fly out, F9 (Flyball, 9D)
Batting: RHB Gabriel Rodríguez 0-0: Called Strike
0-1: Ball
1-1: Ball
2-1: Foul Ball, location: 2F
2-2: Fly out, F1 (Line Drive, 15)
Batting: RHB Pablo Marrero 0-0: Ball
1-0: Ground out 5-3 (Groundball, 56S)
Top of the 5th over - 0 run(s), 0 hit(s), 0 error(s), 0 left on base; Greenville 0 - Las Vegas 3
BOTTOM OF THE 5TH
Las Vegas Flamingos batting - Pitching for Greenville 84s : RHP Eric Matson
Batting: RHB Rob Thomason 0-0: Foul Ball, location: 2F
0-1: Ball
1-1: Fly out, F3 (Popup, 34)
Batting: RHB Sake van Arem 0-0: Ground out 5-3 (Groundball, 56S)
Batting: LHB Ruud van Ineveld 0-0: Ball
1-0: Ball
2-0: SINGLE (Line Drive, 89S)
Batting: LHB Victor Adams 0-0: Called Strike
0-1: SINGLE (Line Drive, 9LS)
Ruud van Ineveld to second
Ruud van Ineveld to third
Batting: LHB Chris McKinney 0-0: Ball
1-0: Fielders Choice at 2nd, 4-6 (Groundball, 4)
Bottom of the 5th over - 0 run(s), 2 hit(s), 0 error(s), 1 left on base; Greenville 0 - Las Vegas 3
TOP OF THE 6TH
Greenville 84s batting - Pitching for Las Vegas Flamingos : LHP Shunen Takahashi
Batting: RHB Joe Craig 0-0: Called Strike
0-1: SINGLE (Line Drive, 89S)
Batting: RHB Roberto Escues 0-0: Sac Bunt - play at second, runner OUT! 1-6
Batting: SHB Jorge Barrios 0-0: Called Strike
0-1: Ball
1-1: Ball
2-1: Foul Ball, location: 2F
2-2: Ball
Roberto Escues steals 2nd base
3-2: Fly out, F4 (Popup, 34D)
Batting: RHB Dani Serrano 0-0: Ball
1-0: Ball
2-0: Swinging Strike
2-1: Ball
3-1: SINGLE (Groundball, 6MD)
Roberto Escues to third
Runner from 3rd tries for Home, SAFE, no throw
Batting: RHB Juan García 0-0: Ball
1-0: Called Strike
1-1: Ball
2-1: Foul Ball, location: 2F
2-2: Ball
3-2: Strikes out swinging
Top of the 6th over - 1 run(s), 2 hit(s), 0 error(s), 1 left on base; Greenville 1 - Las Vegas 3
BOTTOM OF THE 6TH
Las Vegas Flamingos batting - Pitching for Greenville 84s : RHP Eric Matson
Batting: SHB Wilbert Carter 0-0: Called Strike
0-1: Foul Ball, location: 2F
0-2: Strikes out looking
Pitching: RHP Colijn de Goedere
Batting: RHB Jeff Young 0-0: Fly out, F9 (Flyball, 9LM)
Batting: LHB Job Pels 0-0: Called Strike
0-1: Ball
1-1: Swinging Strike
1-2: SINGLE (Groundball, 4MD)
Batting: RHB Pepe Castroneves 0-0: Ball
1-0: Called Strike
1-1: Ball
2-1: Swinging Strike
2-2: Ground out 6-3 (Groundball, 6MD)
Bottom of the 6th over - 0 run(s), 1 hit(s), 0 error(s), 1 left on base; Greenville 1 - Las Vegas 3
TOP OF THE 7TH
Greenville 84s batting - Pitching for Las Vegas Flamingos : LHP Shunen Takahashi
Batting: SHB Francisco Reyes 0-0: Called Strike
0-1: Ground out 6-3 (Groundball, 6MS)
Batting: RHB Rodrigo Lugo 0-0: Called Strike
0-1: Foul Ball, location: 2F
0-2: Strikes out swinging
Batting: RHB Gabriel Rodríguez 0-0: Called Strike
0-1: Swinging Strike
0-2: Strikes out swinging
Top of the 7th over - 0 run(s), 0 hit(s), 0 error(s), 0 left on base; Greenville 1 - Las Vegas 3
BOTTOM OF THE 7TH
Las Vegas Flamingos batting - Pitching for Greenville 84s : RHP Colijn de Goedere
Batting: RHB Rob Thomason 0-0: Ball
1-0: Foul Ball, location: 2F
1-1: SOLO HOME RUN (Line Drive, 7LD), Distance : 372 ft
Batting: RHB Sake van Arem 0-0: Ball
1-0: Foul Ball, location: 2F
1-1: Ball
2-1: Foul Ball, location: 2F
2-2: Ground out 6-3 (Groundball, 6)
Batting: LHB Ruud van Ineveld 0-0: Foul Ball, location: 2F
0-1: Ground out 4-3 (Groundball, 4M)
Batting: LHB Victor Adams 0-0: Called Strike
0-1: Ground out 6-3 (Groundball, 6)
Bottom of the 7th over - 1 run(s), 1 hit(s), 0 error(s), 0 left on base; Greenville 1 - Las Vegas 4
TOP OF THE 8TH
Greenville 84s batting - Pitching for Las Vegas Flamingos : LHP Shunen Takahashi
Batting: RHB Pablo Marrero 0-0: Ball
1-0: Called Strike
1-1: Ball
2-1: Called Strike
2-2: Fly out, F8 (Flyball, 8LXD)
Batting: RHB Joe Craig 0-0: Called Strike
0-1: Swinging Strike
0-2: Strikes out swinging
Batting: RHB Roberto Escues 0-0: Ball
1-0: Foul Ball, location: 2F
1-1: Ball
2-1: Foul Ball, location: 2F
2-2: Strikes out swinging
Top of the 8th over - 0 run(s), 0 hit(s), 0 error(s), 0 left on base; Greenville 1 - Las Vegas 4
BOTTOM OF THE 8TH
Las Vegas Flamingos batting - Pitching for Greenville 84s : RHP Colijn de Goedere
Batting: LHB Chris McKinney 0-0: Called Strike
0-1: Ball
1-1: Swinging Strike
1-2: Ground out 5-3 (Groundball, 25)
Batting: SHB Wilbert Carter 0-0: Called Strike
0-1: Ball
1-1: Ball
2-1: Foul Ball, location: 2F
2-2: Foul Ball, location: 2F
2-2: Ball
3-2: Ground out U3 (Groundball, 23)
Batting: RHB Jeff Young 0-0: Ball
1-0: SINGLE (Groundball, 56D)
Batting: LHB Job Pels 0-0: Called Strike
0-1: Ball
1-1: Ball
2-1: Ball
3-1: Base on Balls
Jeff Young to second
Batting: RHB Pepe Castroneves 0-0: SINGLE (Groundball, 56D)
Jeff Young to third
Job Pels to second
Runner from 3rd tries for Home, SAFE, no throw
Batting: RHB Rob Thomason 0-0: Ball
1-0: Foul Ball, location: 2F
1-1: Ball
2-1: Fly out, F9 (Flyball, 9LD)
Bottom of the 8th over - 1 run(s), 2 hit(s), 0 error(s), 2 left on base; Greenville 1 - Las Vegas 5
TOP OF THE 9TH
Greenville 84s batting - Pitching for Las Vegas Flamingos : LHP Shunen Takahashi
Batting: SHB Jorge Barrios 0-0: Ball
1-0: Called Strike
1-1: Called Strike
1-2: Ball
2-2: Strikes out swinging
Batting: RHB Dani Serrano 0-0: Foul Ball, location: 2F
0-1: Swinging Strike
0-2: Ball
1-2: Strikes out looking
Batting: RHB Juan García 0-0: Ball
1-0: DOUBLE (Groundball, 5L)
Pitching: RHP Enrique García
Batting: SHB Francisco Reyes 0-0: Ball
1-0: Fly out, F6 (Line Drive, 56)
Top of the 9th over - 0 run(s), 1 hit(s), 0 error(s), 1 left on base; Greenville 1 - Las Vegas 5
Saturday, May 26th, 2018 - OOTP Baseball 17.12 Build 75